Description

  1. I know the build says to make adepts as you go but you can change this and make whatever units you feel are best against whatever your opponent is doing.
  2. I like to put a nexus down about the time I attack so I can focus on my army (4:39) but you can do it earlier if your micro is good.

GLHF :)

Build Order

Why is there no SALT encoding or Overwolf build?

    0:18  Pylon  
    0:38  Gateway  Send a probe to proxy location
    0:50  Assimilator x2  
    1:19  Pylon  Build this at the proxy then scout their base
    1:26  Cybernetics Core  
    1:41  Pylon  
    2:04  Robotics Facility  Build this at the proxy then bring probe back
    2:06  Warp Gate (Chrono Boost)  
    2:08  Adept  
    2:17  Gateway  
    2:40  Adept  Chrono Warp Gate again
    2:47  Pylon  
    2:51  Robotics Bay  
    3:05  Sentry  
    3:19  Adept  
    3:30  Gateway  
    3:44  Pylon  
    3:46  Disruptor (Chrono Boost)  Rally all units to proxy. Keep robotics facility chrono'd
    4:13  Disruptor (Chrono Boost)  
    4:38  Nexus  All in when 2nd disruptor finishes
Spawning Tool Build Advisor. Get it on Overwolf

Go to:

Details

  • Created by: Cyclone_22
  • Published on: Sep 20, 2019
  • Modified on: Sep 20, 2019
  • Patch: 4.7.1
Show

Export as new Build Order

Comments (0)

There are no comments. Be the first!

Create an account to comment!